[ AOE2 MATCH · #507321513 ]
UnrankedBengalis vs Britons
Player's team · WIN
[ REPLAY ANALYSIS · EXTRACTED FROM THE RECORDED GAME ]
Feudal
11:18
Castle
23:51
Imperial
—
| APM avg | 48.5 |
| APM peak | 75 |
| eAPM avg | 24.1 |
| Villagers / military | 68 / 53 |
Focus
⚔️ 38.6% · 🌾 61.4%
Scout Cavalry ×21 · Skirmisher ×16 · Militia ×9 · Monk ×4 · Armored Elephant ×3
Feudal
9:32
Castle
24:49
Imperial
—
| APM avg | 78.1 |
| APM peak | 112 |
| eAPM avg | 34.7 |
| Villagers / military | 59 / 53 |
Focus
⚔️ 47.3% · 🌾 52.7%
Skirmisher ×33 · Knight ×12 · Archer ×4 · Scout Cavalry ×3 · Spearman ×1
Match map
Initial resources + every placement click. Lines = walls · curves = elevation contours. ◆ gold · ⬟ stone · ● berries · ✦ relic · ◌ wall gap
Your base· Open — unwalled flank
Augustus Bombastus von Hohenheim's base· Open — 4t gap
Smoothed initial terrain · ◌ = detected wall gap · hover for details
Inputs per minute
— Poxo - - Augustus Bombastus von Hohenheim
Build order — Poxo
First 150 of 227 actions detected
| 0:00 | Queue | Villager (Male) |
| 0:00 | Queue | Villager (Male) |
| 0:02 | Build | House |
| 0:03 | Build | House |
| 0:10 | Queue | Villager (Male) |
| 0:12 | Queue | Villager (Male) |
| 0:12 | Queue | Villager (Male) |
| 1:23 | Queue | Villager (Male) |
| 1:43 | Queue | Villager (Male) |
| 1:54 | Build | Lumber Camp |
| 2:27 | Queue | Villager (Male) |
| 2:49 | Queue | Villager (Male) |
| 3:12 | Queue | Villager (Male) |
| 3:42 | Queue | Villager (Male) |
| 3:52 | Build | House |
| 3:52 | Queue | Villager (Male) |
| 4:12 | Build | House |
| 4:13 | Queue | Villager (Male) |
| 4:33 | Build | Barracks |
| 4:55 | Queue | Villager (Male) |
| 5:19 | Queue | Villager (Male) |
| 5:40 | Queue | Villager (Male) |
| 5:51 | Build | Mill |
| 5:52 | Queue | Militia |
| 5:52 | Queue | Militia |
| 5:56 | Queue | Villager (Male) |
| 6:44 | Queue | Villager (Male) |
| 6:54 | Queue | Militia |
| 6:54 | Queue | Villager (Male) |
| 7:16 | Queue | Villager (Male) |
| 7:18 | Build | Mill |
| 7:29 | Queue | Villager (Male) |
| 7:39 | Build | House |
| 7:41 | Queue | Villager (Male) |
| 8:18 | Queue | Villager (Male) |
| 8:21 | Build | Farm |
| 8:41 | Research | Loom |
| 8:41 | Research | Loom |
| 8:55 | Build | Mining Camp |
| 9:07 | Research | Feudal Age |
| 9:47 | Build | House |
| 9:52 | Build | Farm |
| 10:23 | Queue | Villager (Male) |
| 11:18 | Age | Feudal Age |
| 11:21 | Research | Double-Bit Axe |
| 11:22 | Research | Man-at-Arms (upgrade) |
| 11:29 | Build | Archery Range |
| 11:43 | Queue | Villager (Male) |
| 11:48 | Build | House |
| 11:58 | Build | House |
| 12:10 | Queue | Skirmisher |
| 12:10 | Queue | Skirmisher |
| 12:12 | Queue | Villager (Male) |
| 12:26 | Research | Arson |
| 12:28 | Queue | Villager (Male) |
| 12:30 | Build | Farm |
| 12:34 | Build | Palisade Wall |
| 12:39 | Queue | Skirmisher |
| 12:47 | Queue | Villager (Male) |
| 13:08 | Queue | Skirmisher |
| 13:17 | Queue | Skirmisher |
| 13:18 | Queue | Villager (Male) |
| 13:20 | Build | Farm |
| 13:29 | Queue | Villager (Male) |
| 13:31 | Build | Farm |
| 13:46 | Queue | Skirmisher |
| 13:50 | Queue | Villager (Male) |
| 13:52 | Build | Farm |
| 14:08 | Queue | Villager (Male) |
| 14:10 | Build | Farm |
| 14:10 | Queue | Villager (Male) |
| 14:12 | Build | Farm |
| 14:28 | Queue | Skirmisher |
| 14:34 | Queue | Villager (Male) |
| 14:48 | Queue | Villager (Male) |
| 14:52 | Build | House |
| 14:59 | Build | Blacksmith |
| 15:08 | Queue | Skirmisher |
| 15:16 | Queue | Villager (Male) |
| 15:17 | Build | Farm |
| 15:36 | Queue | Skirmisher |
| 15:37 | Queue | Villager (Male) |
| 15:39 | Build | Farm |
| 15:39 | Build | Farm |
| 15:39 | Build | Farm |
| 15:43 | Research | Fletching |
| 15:51 | Queue | Militia |
| 15:53 | Queue | Militia |
| 16:08 | Research | Scale Mail Armor |
| 16:21 | Queue | Villager (Male) |
| 16:23 | Build | Farm |
| 16:23 | Build | Farm |
| 16:23 | Build | Farm |
| 16:24 | Build | House |
| 16:33 | Queue | Skirmisher |
| 16:33 | Queue | Militia |
| 16:57 | Queue | Militia |
| 16:58 | Queue | Skirmisher |
| 17:01 | Build | Farm |
| 17:13 | Queue | Skirmisher |
| 17:28 | Queue | Skirmisher |
| 17:30 | Build | Lumber Camp |
| 17:31 | Build | Farm |
| 17:32 | Build | Farm |
| 17:45 | Queue | Militia |
| 17:46 | Queue | Skirmisher |
| 17:47 | Queue | Villager (Male) |
| 17:48 | Build | Farm |
| 17:49 | Build | Farm |
| 17:50 | Build | House |
| 17:55 | Queue | Villager (Male) |
| 17:57 | Build | House |
| 18:05 | Research | Wheelbarrow |
| 18:18 | Queue | Skirmisher |
| 18:29 | Queue | Skirmisher |
| 18:29 | Queue | Villager (Male) |
| 18:30 | Build | Farm |
| 18:31 | Build | Farm |
| 18:40 | Queue | Militia |
| 18:41 | Queue | Villager (Male) |
| 18:50 | Queue | Villager (Male) |
| 18:52 | Build | Farm |
| 18:55 | Research | Horse Collar |
| 19:10 | Queue | Villager (Male) |
| 19:12 | Build | Farm |
| 19:17 | Queue | Villager (Male) |
| 19:20 | Build | Farm |
| 19:21 | Build | Farm |
| 19:23 | Build | Farm |
| 19:24 | Build | House |
| 19:25 | Build | House |
| 20:17 | Queue | Villager (Male) |
| 20:17 | Queue | Villager (Male) |
| 20:20 | Build | Mill |
| 20:20 | Build | Farm |
| 20:21 | Build | Farm |
| 20:21 | Build | Farm |
| 20:21 | Build | Farm |
| 20:46 | Build | Farm |
| 20:55 | Build | House |
| 20:59 | Build | Farm |
| 21:11 | Research | Castle Age |
| 21:22 | Build | Palisade Wall |
| 21:22 | Build | Palisade Wall |
| 21:31 | Build | Palisade Wall |
| 21:38 | Build | Stable |
| 21:38 | Research | Scale Barding Armor |
| 21:45 | Build | Palisade Wall |
| 21:56 | Build | Lumber Camp |
| 22:05 | Research | Forging |
Build order — Augustus Bombastus von Hohenheim
First 150 of 211 actions detected
| 0:01 | Queue | Villager (Male) |
| 0:02 | Build | House |
| 0:02 | Build | House |
| 0:07 | Queue | Villager (Male) |
| 0:09 | Queue | Villager (Male) |
| 0:11 | Queue | Villager (Male) |
| 0:11 | Queue | Villager (Male) |
| 1:22 | Queue | Villager (Male) |
| 1:23 | Queue | Villager (Male) |
| 1:46 | Queue | Villager (Male) |
| 2:15 | Queue | Villager (Male) |
| 2:15 | Queue | Villager (Male) |
| 2:15 | Queue | Villager (Male) |
| 2:15 | Queue | Villager (Male) |
| 2:18 | Build | Lumber Camp |
| 2:47 | Queue | Villager (Male) |
| 3:24 | Build | House |
| 3:29 | Queue | Villager (Male) |
| 4:05 | Queue | Villager (Male) |
| 4:11 | Queue | Villager (Male) |
| 4:31 | Build | Mill |
| 4:33 | Queue | Villager (Male) |
| 5:38 | Queue | Villager (Male) |
| 5:38 | Queue | Villager (Male) |
| 6:15 | Build | Barracks |
| 6:20 | Research | Loom |
| 6:20 | Research | Loom |
| 6:23 | Queue | Villager (Male) |
| 6:50 | Research | Loom |
| 7:08 | Build | Palisade Wall |
| 7:18 | Build | Palisade Wall |
| 7:22 | Research | Feudal Age |
| 8:02 | Build | Mining Camp |
| 8:36 | Build | Barracks |
| 8:40 | Build | House |
| 8:49 | Queue | Villager (Male) |
| 9:32 | Age | Feudal Age |
| 9:35 | Queue | Villager (Male) |
| 9:39 | Queue | Spearman |
| 9:50 | Queue | Villager (Male) |
| 10:00 | Queue | Villager (Male) |
| 10:22 | Build | Archery Range |
| 10:24 | Queue | Villager (Male) |
| 10:36 | Queue | Villager (Male) |
| 10:41 | Build | Palisade Wall |
| 10:42 | Build | Palisade Wall |
| 10:43 | Build | Palisade Wall |
| 10:44 | Build | Palisade Wall |
| 10:47 | Queue | Villager (Male) |
| 10:53 | Queue | Archer |
| 10:53 | Queue | Archer |
| 11:13 | Queue | Villager (Male) |
| 11:17 | Build | House |
| 11:26 | Build | Palisade Wall |
| 11:30 | Build | Palisade Wall |
| 11:32 | Build | Palisade Wall |
| 11:35 | Queue | Villager (Male) |
| 11:38 | Build | House |
| 11:40 | Queue | Archer |
| 11:50 | Queue | Villager (Male) |
| 12:11 | Build | House |
| 12:17 | Build | House |
| 12:21 | Build | Palisade Wall |
| 12:21 | Build | Palisade Wall |
| 12:22 | Build | Palisade Wall |
| 12:33 | Queue | Archer |
| 12:35 | Queue | Villager (Male) |
| 12:37 | Research | Double-Bit Axe |
| 12:38 | Research | Horse Collar |
| 12:38 | Research | Horse Collar |
| 13:01 | Queue | Skirmisher |
| 13:01 | Queue | Skirmisher |
| 13:09 | Queue | Villager (Male) |
| 13:14 | Build | Mill |
| 13:40 | Queue | Villager (Male) |
| 13:50 | Build | Lumber Camp |
| 13:57 | Queue | Skirmisher |
| 13:57 | Queue | Skirmisher |
| 14:04 | Build | Farm |
| 14:04 | Build | Farm |
| 14:05 | Build | Farm |
| 14:07 | Build | Farm |
| 14:10 | Build | Farm |
| 14:13 | Build | Farm |
| 14:18 | Queue | Villager (Male) |
| 14:36 | Queue | Villager (Male) |
| 14:38 | Build | Farm |
| 15:00 | Queue | Villager (Male) |
| 15:03 | Build | Blacksmith |
| 15:06 | Queue | Skirmisher |
| 15:06 | Queue | Skirmisher |
| 15:12 | Build | Farm |
| 15:12 | Build | Farm |
| 15:20 | Queue | Villager (Male) |
| 15:39 | Research | Fletching |
| 15:39 | Research | Padded Archer Armor |
| 15:39 | Research | Padded Archer Armor |
| 15:50 | Queue | Villager (Male) |
| 15:51 | Queue | Skirmisher |
| 16:20 | Queue | Villager (Male) |
| 16:20 | Queue | Villager (Male) |
| 16:22 | Build | Farm |
| 16:23 | Build | Farm |
| 16:43 | Queue | Villager (Male) |
| 16:43 | Queue | Villager (Male) |
| 16:44 | Build | Farm |
| 17:00 | Build | Archery Range |
| 17:02 | Build | Farm |
| 17:03 | Build | Farm |
| 17:04 | Build | Farm |
| 17:06 | Build | Farm |
| 17:09 | Build | House |
| 17:26 | Queue | Skirmisher |
| 17:26 | Queue | Skirmisher |
| 17:36 | Build | Farm |
| 17:41 | Build | Farm |
| 17:42 | Build | Farm |
| 17:49 | Queue | Skirmisher |
| 17:49 | Queue | Skirmisher |
| 17:52 | Queue | Villager (Male) |
| 17:56 | Build | House |
| 18:09 | Build | Archery Range |
| 18:35 | Build | Farm |
| 18:36 | Queue | Villager (Male) |
| 18:40 | Queue | Skirmisher |
| 18:40 | Queue | Skirmisher |
| 18:41 | Queue | Skirmisher |
| 18:48 | Queue | Villager (Male) |
| 18:52 | Queue | Skirmisher |
| 18:52 | Queue | Skirmisher |
| 18:52 | Queue | Skirmisher |
| 19:00 | Build | Farm |
| 19:12 | Build | Farm |
| 19:16 | Research | Town Watch |
| 19:16 | Research | Town Watch |
| 19:16 | Research | Town Watch |
| 19:23 | Queue | Skirmisher |
| 19:23 | Queue | Skirmisher |
| 19:24 | Queue | Skirmisher |
| 19:30 | Queue | Villager (Male) |
| 19:35 | Build | Watch Tower |
| 20:18 | Queue | Villager (Male) |
| 20:18 | Queue | Villager (Male) |
| 20:29 | Queue | Skirmisher |
| 20:29 | Queue | Skirmisher |
| 20:43 | Queue | Skirmisher |
| 20:43 | Queue | Skirmisher |
| 20:43 | Queue | Skirmisher |
| 20:44 | Queue | Skirmisher |
| 20:45 | Queue | Villager (Male) |
Match timeline
| 4:33 | Poxo · first_building Barracks |
| 6:15 | Augustus Bombastus von Hohenheim · first_building Barracks |
| 7:08 | Augustus Bombastus von Hohenheim · wall_segment Palisade Wall x1 |
| 7:18 | Augustus Bombastus von Hohenheim · wall_segment Palisade Wall x2 |
| 9:32 | Augustus Bombastus von Hohenheim · age_up feudal |
| 10:22 | Augustus Bombastus von Hohenheim · first_building Archery Range |
| 10:41 | Augustus Bombastus von Hohenheim · wall_segment Palisade Wall x1 |
| 10:42 | Augustus Bombastus von Hohenheim · wall_segment Palisade Wall x1 |
| 10:43 | Augustus Bombastus von Hohenheim · wall_segment Palisade Wall x1 |
| 10:44 | Augustus Bombastus von Hohenheim · wall_segment Palisade Wall x1 |
| 11:18 | Poxo · age_up feudal |
| 11:26 | Augustus Bombastus von Hohenheim · wall_segment Palisade Wall x1 |
| 11:29 | Poxo · first_building Archery Range |
| 11:30 | Augustus Bombastus von Hohenheim · wall_segment Palisade Wall x1 |
| 11:32 | Augustus Bombastus von Hohenheim · wall_segment Palisade Wall x1 |
| 12:21 | Augustus Bombastus von Hohenheim · wall_segment Palisade Wall x1 |
| 12:21 | Augustus Bombastus von Hohenheim · wall_segment Palisade Wall x1 |
| 12:22 | Augustus Bombastus von Hohenheim · wall_segment Palisade Wall x1 |
| 12:34 | Poxo · wall_segment Palisade Wall x9 |
| 21:22 | Poxo · wall_segment Palisade Wall x8 |
| 21:22 | Poxo · wall_segment Palisade Wall x10 |
| 21:31 | Poxo · wall_segment Palisade Wall x10 |
| 21:38 | Poxo · first_building Stable |
| 21:41 | Augustus Bombastus von Hohenheim · wall_segment Palisade Wall x7 |
| 21:45 | Poxo · wall_segment Palisade Wall x12 |
| 21:51 | Augustus Bombastus von Hohenheim · first_market_buy 100 food |
| 22:11 | Augustus Bombastus von Hohenheim · wall_segment Palisade Wall x22 |
| 22:17 | Poxo · wall_segment Palisade Wall x3 |
| 23:36 | Augustus Bombastus von Hohenheim · first_building Stable |
| 23:51 | Poxo · age_up castle |
| 24:01 | Poxo · first_building Siege Workshop |
| 24:49 | Augustus Bombastus von Hohenheim · age_up castle |
| 25:01 | Poxo · first_building Monastery |
| 26:58 | Poxo · wall_segment Palisade Wall x1 |
| 28:55 | Augustus Bombastus von Hohenheim · resign |
[ AI ANALYSIS · 1 CREDIT ]
What really happened in this match?
Wolo.gg analyzes every decision: build order, eco, micro, common mistakes by bracket. Personalized analysis on WhatsApp or Discord in 30 seconds.
Civ guide
Bengalis
Perfil
Jugador #212135